 Dungeon Crawl Stone Soup version 0.29.1-12-g30fa7ad0bf (webtiles) character file.

Game seed: 16850809047887123256

164550 Gabide the Slayer (level 18, -1/166 HPs)
             Began as a Formicid Berserker on Dec 17, 2022.
             Was a High Priest of Trog.
             Slain by a fire dragon (15 damage)
             ... on level 1 of the Depths.
             The game lasted 01:20:19 (43347 turns).

Gabide the Slayer (Formicid Berserker)             Turns: 43347, Time: 01:20:21

Health: -1/166     AC: 20    Str: 28    XL:     18   Next: 18%
Magic:  18/18      EV: 16    Int:  9    God:    Trog [*****.]
Gold:   2960       SH:  0    Dex: 13    Spells: 17/17 levels left

rFire   . . .      SeeInvis +   a - +2 giant spiked club (spect)
rCold   + . .      Faith    .   (shield currently unavailable)
rNeg    + . .      Spirit   .   Y - +0 swamp dragon scales
rPois   +          Reflect  .   (helmet unavailable)
rElec   .          Harm     .   y - +2 cloak
rCorr   .          Rampage  .   U - +2 pair of gloves
Will    +++..                   S - +2 pair of boots {Fly}
Stlth   +.........              H - amulet of the acrobat
HPRegen 1.37/turn               m - +4 ring of protection
MPRegen 0.16/turn               t - ring "Zastry" {rC+ rN+ Slay+3 SInv}

@: strong-willed, flying, regenerating
A: permanent stasis, dig shafts and tunnels, antennae 3, four strong arms
}: 1/15 runes: barnacled
a: Dig, Shaft Self, Renounce Religion, Trog's Hand, Brothers in Arms


You were on level 1 of the Depths.
You worshipped Trog.
Trog was extremely pleased with you.
You visited 6 branches of the dungeon, and saw 28 of its levels.
You also visited: Sewer and Bailey.

You collected 3733 gold pieces.
You spent 773 gold pieces at shops.

Inventory:

Hand Weapons
 a - a +2 spectral giant spiked club (weapon)
 b - a +3 antimagic giant spiked club
 E - the +1 great mace of Newt's Death {vorpal, rElec rPois rC++ Stlth-}
   (Trog gifted it to you on level 2 of the Shoals)

   It inflicts extra damage upon your enemies.
   rC:        It greatly protects you from cold.
   rElec:     It insulates you from electricity.
   rPois:     It protects you from poison.
   Stlth:     It makes you less stealthy.
 K - a +1 demon trident of flaming
 N - the +7 flail "Uteiho" {antimagic, rC+ rCorr}
   (You bought it in a shop on level 7 of the Dungeon)

   It reduces the magical energy of the wielder, and disrupts the spells and
   magical abilities of those it strikes.
   Natural abilities and divine invocations are not affected.
   rC:        It protects you from cold.
   rCorr:     It protects you from acid and corrosion.
 O - the +9 flail "Paiq" {vorpal, Str+4}
   (You took it off a merfolk impaler on level 4 of the Shoals)

   It inflicts extra damage upon your enemies.
   Str:       It affects your strength (+4).
Missiles
 d - 14 throwing nets
 e - 39 boomerangs (quivered)
 h - 5 boomerangs of dispersal
 J - a curare-tipped dart
 W - 4 silver javelins
Armour
 y - a +2 cloak (worn)
 P - a +3 leather armour of poison resistance
 R - a scarf of repulsion
 S - a +2 pair of boots of flying (worn)
 U - a +2 pair of gloves (worn)
 Y - +0 swamp dragon scales (worn)
Jewellery
 k - a ring of poison resistance
 m - a +4 ring of protection (left hand)
 t - the ring "Zastry" (right hand) {rC+ rN+ Slay+3 SInv}
   (You took it off a centaur on level 9 of the Dungeon)

   [ring of see invisible]

   Slay:      It affects your accuracy & damage with ranged weapons and melee
   (+3).
   rC:        It protects you from cold.
   rN:        It protects you from negative energy.
   SInv:      It lets you see invisible.
 x - a +4 ring of protection
 F - a ring of positive energy
 G - an amulet of reflection
 H - an amulet of the acrobat (around neck)
 L - a ring of positive energy
Wands
 i - a wand of iceblast (19)
 p - a wand of charming (20)
 s - a wand of flame (17)
 V - a wand of acid (8)
Scrolls
 c - 4 scrolls of fear
 g - 5 scrolls of torment
 q - 5 scrolls of enchant weapon
 r - 4 scrolls of butterflies
 w - 2 scrolls of brand weapon
 A - 4 scrolls of vulnerability
 X - a scroll of silence
 Z - a scroll of magic mapping
Potions
 f - 4 potions of curing
 l - 4 potions of attraction
 n - 7 potions of might
 v - 9 potions of mutation
 z - 6 potions of lignification
 B - 2 potions of magic
 C - 2 potions of invisibility
 D - 2 potions of cancellation
 I - 4 potions of ambrosia
 M - 2 potions of resistance
Miscellaneous
 o - a condenser vane
 u - a phial of floods
 T - a lightning rod (4/4)


   Skills:
 * Level 21.4 Fighting
 * Level 20.6 Maces & Flails
 - Level 2.1 Armour
 - Level 12.0 Dodging


You had 17 spell levels left.
You didn't know any spells.
Your spell library was empty.

Dungeon Overview and Level Annotations

Branches:
Dungeon (15/15)            Temple (0/1) D:7            Lair (5/5) D:11
 Shoals (4/4) Lair:3       Spider (1/4) Lair:3        Slime (0/5) Lair:5
    Orc (2/2) D:10            Elf (0/3) Orc:2        Vaults (0/5) D:13
 Depths (1/4) D:15          Sewer (visited)          Bailey (visited)

Altars:
Cheibriados
Dithmenos
Fedhas
Gozag
Kikubaaqudgha
Nemelex Xobeh
Okawaru
Ru
Sif Muna
Vehumet
Wu Jian
Xom
Yredelemnul
Zin
The Shining One
Jiyva

Shops:
D:6 *   D:7 (:*=   Orc:2 (((*(   Depths:1 *

Portals:
Hell: Depths:1
Abyss: Depths:1
Trove: D:10 (give +6 ice dragon scales)

Annotations:
D:15 3 runed translucent doors, Vochiuc's ghost, adept DEFE


Innate Abilities, Weirdness & Mutations

You cannot be hasted, slowed, berserked, paralysed or teleported.
You can dig through walls and to a lower floor.
You have a pair of large antennae on your head. (SInv)
Your four strong arms can wield two-handed weapons with a shield.


Message History

Your +2 spectral giant spiked club hits the spark wasp.
A spark wasp comes into view.
The fire dragon bites you but does no damage.
The fire dragon misses you. The fire dragon closely misses you.
The spark wasp stings you! The spark wasp shocks you!
The spark wasp stings your +2 spectral giant spiked club!
Your spectral weapon shares its damage with you!
The spark wasp shocks your +2 spectral giant spiked club.
Your +2 spectral giant spiked club resists.
Your spectral weapon shares its damage with you!
Your ogre barely misses the spark wasp.
You catch the helpless spark wasp completely off-guard!
You beat the spark wasp like a drum!!!
You kill the spark wasp!
Trog accepts your kill.
A freezing mist starts to gather...
A spark wasp simulacrum comes into view.
The fire dragon bites you but does no damage.
The fire dragon claws you! The fire dragon barely misses you.
The spark wasp closely misses you.
The steelbarb worm completely misses you.
The floating eye seems to glare at you.
The spark wasp stings you but does no damage.
The fire dragon bites you.
The fire dragon claws you but does no damage.
The fire dragon tramples you!
You are shoved backwards!
Your skin crawls.
You feel strong-willed.
Your ogre barely misses the spark wasp.
The spark wasp stings you!
* * * LOW HITPOINT WARNING * * *
The spark wasp shocks you!
* * * LOW HITPOINT WARNING * * *
The fire dragon closely misses you. x2; The fire dragon barely misses you.
As you read the scroll of summoning, it crumbles to dust.
Wisps of shadow whirl around you...
Your ogre barely misses the spark wasp simulacrum.
The spark wasp closely misses you. The fire dragon bites you!
* * * LOW HITPOINT WARNING * * *
The fire dragon misses you. The fire dragon tramples you!
You die...

...........................
#########################.#
§.≈≈≈≈≈≈#≈≈≈§≈≈.≈≈≈§§§#..
§..§≈§§≈#≈≈≈≈§...≈≈≈§§#.#
....≈§§≈#≈≈≈≈.....≈≈§§#..
.....≈≈§#§≈§.......§§≈#.#
...⌠.O§§#≈≈.D⌠...⌠..§≈#.#
.!..y.Zy#≈.....)....§§#.#
[⌠[.p(wD@DR...)⌠....§.).#
.$....Gy#≈.....?.....≈#.#
...⌠..§§#≈≈..⌠...⌠..≈≈#.#
.....§§§#≈≈≈.......≈≈≈#..
§...≈≈§§#≈§§≈...§§≈§≈≈#..
...≈≈≈≈≈#§§§≈≈...§§≈≈≈#..
§.≈≈≈≈≈≈#§≈≈§≈≈.§§§≈≈≈#..
#+#####################.#
#.#


You could see a fire dragon (berserk, soul bound, ally target), a steelbarb worm
shaped shifter (soul bound), 3 spark wasps, a necromancer, a floating eye
(charged), a spark wasp simulacrum, 2 friendly ice dragons, a friendly rakshasa
(summoned) and a friendly ogre (summoned, berserk).

Vanquished Creatures
  A kraken (Shoals:2)
  The ghost of thechecker02 the Blocker, an adept GnFi of Cheibriados (Shoals:3)
  Kirke (D:14)
  A fire giant (Depths:1)
  An orc warlord (Orc:1)
  A stone giant (D:15)
  A vampire knight (Depths:1)
  2 merfolk javelineers (Shoals:4)
  A spark wasp (Depths:1)
  7 merfolk impalers
  A fire dragon (Lair:5)
  An ettin (Depths:1)
  7 boulder beetles
  6 hydras
  An ice dragon (Depths:1)
  6 merfolk aquamancers
  An ogre mage (D:13)
  3 merfolk avatars
  6 two-headed ogres
  A satyr (Shoals:3)
  A catoblepas (Lair:5)
  6 centaur warriors
  An alligator snapping turtle (Shoals:3)
  A deep troll shaman (Depths:1)
  3 tengu warriors
  9 death yaks
  A deep troll earth mage (Depths:1)
  Urug (Lair:1)
  An iron troll (Depths:1)
  The ghost of Laummuim the Gouger, a journeyman FeFi of Fedhas (Lair:4)
  A skeletal warrior (D:13)
  17 sea snakes
  A steelbarb worm (Spider:1)
  A swamp dragon (Lair:5)
  2 deep trolls (Depths:1)
  A wizard (D:14)
  5 orc knights
  Pikel (D:6)
  A lindwurm (Lair:5)
  9 harpies
  7 ugly things
  4 orc sorcerers
  4 wolf spiders
  6 cyclopes
  16 manticores
  12 merfolk sirens
  18 fauns
  An elephant (D:9)
  3 black mambas
  An elephant (shapeshifter) (D:9)
  3 torpor snails
  2 centaur skeletons (D:13)
  2 gargoyles
  3 water nymphs (Shoals:4)
  10 cane toads
  An efreet (D:15)
  2 kobold demonologists
  5 rime drakes
  A rime drake (shapeshifter) (D:14)
  A demonic crawler (Spider:1)
  4 yaktaurs (D:15)
  8 komodo dragons
  7 harpy zombies (Shoals:4)
  25 merfolk
  6 trolls
  2 hornets
  A polar bear (Lair:3)
  A tarantella (shapeshifter) (D:14)
  4 wind drakes
  Grinder (D:6)
  3 dream sheep (Shoals:4)
  14 blink frogs
  9 slime creatures
  14 snapping turtles
  A centaur simulacrum (D:14)
  2 jumping spiders (Spider:1)
  7 culicivoras
  13 water elementals
  3 shadows
  A hog (D:14)
  28 yaks
  4 wyverns
  2 wraiths (D:9)
  Eustachio (D:4)
  A fire bat (D:5)
  A golden eye (shapeshifter) (D:15)
  3 vampire mosquitoes (D:9)
  A redback (Spider:1)
  3 basilisks
  6 steam dragons
  6 acid dragons
  3 wargs
  An acid dragon (shapeshifter) (D:14)
  Duvessa (D:5)
  46 orc warriors
  4 ice beasts
  13 water moccasins
  2 sky beasts (D:7)
  2 black bears
  6 wolves (Lair:5)
  A manticore zombie (Shoals:4)
  9 ogres
  21 centaurs
  10 kobold brigands
  Blork the orc (D:4)
  18 bullfrogs
  4 gnoll sergeants
  2 necrophages
  2 scorpions
  9 wights (D:9)
  Dowan (D:6)
  10 killer bees
  6 howler monkeys
  2 electric eels (Lair:3)
  3 hounds
  2 jellies
  13 orc priests
  A gnoll bouda (D:5)
  An iron imp (D:4)
  5 iguanas
  20 orc wizards
  10 hell rats (Lair:3)
  2 boggart skeletons (D:13)
  18 gnolls
  7 river rats
  7 adders
  A white imp (D:7)
  3 ufetubi
  2 worms (D:3)
  2 dart slugs
  64 orcs
  16 ball pythons
  4 endoplasms
  4 giant cockroaches
  11 goblins
  9 hobgoblins
  6 quokkas
  5 bats
  4 frilled lizards
  14 kobolds
  20 rats
  A plant (Shoals:1)
  4 tentacles (Shoals:2)
831 creatures vanquished.

Vanquished Creatures (collateral kills)
  2 hydras (Lair:4)
  2 merfolk aquamancers (Shoals:4)
  2 death yaks (Lair:5)
  A manticore (Shoals:4)
  A rime drake (Lair:5)
  A snapping turtle (Shoals:4)
9 creatures vanquished.

Vanquished Creatures (others)
  A merfolk avatar (Shoals:4)
  A human (D:14)
  A kobold brigand (D:8)
  An iguana (Lair:5)
  14 fungi
  71 plants
  4 tentacles (Shoals:2)
93 creatures vanquished.

Grand Total: 933 creatures vanquished

Notes
Turn   | Place    | Note
-------+----------+-------------------------------------------
     0 | D:1      | Gabide the Formicid Berserker began the quest for the Orb.
     0 | D:1      | Reached XP level 1. HP: 18/18 MP: 1/1
   490 | D:1      | Reached XP level 2. HP: 22/24 MP: 2/2
  1169 | D:1      | Reached XP level 3. HP: 27/30 MP: 3/3
  1728 | D:1      | Reached skill level 4 in Fighting
  2512 | D:3      | Reached XP level 4. HP: 37/37 MP: 4/4
  2737 | D:3      | Reached XP level 5. HP: 36/43 MP: 5/5
  2872 | D:3      | Reached ** piety under Trog
  2927 | D:3      | Found an ancient bone altar of Kikubaaqudgha.
  3328 | D:4      | Found a shadowy altar of Dithmenos.
  3443 | D:4      | Reached skill level 5 in Fighting
  3557 | D:4      | Noticed Blork the orc
  3567 | D:4      | Killed Blork the orc
  3568 | D:4      | Reached XP level 6. HP: 50/51 MP: 6/6
  3643 | D:4      | Noticed a black bear
  3656 | D:4      | Killed a black bear
  3657 | D:4      | Reached skill level 5 in Maces & Flails
  4093 | D:4      | Noticed Eustachio
  4111 | D:4      | Killed Eustachio
  4112 | D:4      | Reached skill level 6 in Fighting
  4112 | D:4      | Reached XP level 7. HP: 42/58 MP: 7/7
  4220 | D:4      | Found a snail-covered altar of Cheibriados.
  5105 | D:5      | Entered Level 5 of the Dungeon
  5105 | D:5      | Found a basalt altar of Yredelemnul.
  5106 | D:5      | Noticed a water moccasin
  5224 | D:5      | Found a glowing golden altar of the Shining One.
  5253 | D:5      | Noticed a fire bat
  5253 | D:5      | a water moccasin changed into a fire bat
  5261 | D:5      | Killed a fire bat
  5262 | D:5      | Reached XP level 8. HP: 39/65 MP: 8/8
  5352 | D:5      | Noticed a two-headed ogre
  5447 | D:5      | Found an iron altar of Okawaru.
  5549 | D:5      | Found a glowing drain.
  5562 | D:5      | Reached skill level 7 in Fighting
  5572 | Sewer    | Entered a sewer
  5725 | Sewer    | Reached *** piety under Trog
  6451 | D:5      | Killed a two-headed ogre
  6452 | D:5      | Reached skill level 8 in Fighting
  6452 | D:5      | Reached XP level 9. HP: 74/74 MP: 9/9
  6499 | D:5      | Found an ornate altar of the Wu Jian Council.
  6935 | D:6      | Found Plog's Mass Market.
  7018 | D:6      | Noticed Dowan
  7018 | D:6      | Noticed Duvessa
  7022 | D:6      | Killed Dowan
  7060 | D:5      | Killed Duvessa
  7528 | D:5      | Reached skill level 9 in Fighting
  7904 | D:6      | Noticed Grinder
  7919 | D:6      | Killed Grinder
  7990 | D:6      | Reached skill level 5 in Dodging
  7993 | D:6      | Noticed Pikel
  8013 | D:6      | Killed Pikel
  8014 | D:6      | Reached XP level 10. HP: 69/85 MP: 7/10
  8143 | D:6      | Found a glowing silver altar of Zin.
  8352 | D:7      | Reached skill level 10 in Fighting
  8418 | D:7      | Found a staircase to the Ecumenical Temple.
  8477 | D:7      | Found Peridoh's General Store.
  8493 | D:7      | Found Myjoth's Jewellery Emporium.
  8620 | D:7      | Found Raheh's Book Shop.
  8629 | D:7      | Noticed a komodo dragon
  8638 | D:7      | Killed a komodo dragon
  8639 | D:7      | Reached skill level 10 in Maces & Flails
  8761 | D:7      | Found an opulent altar of Gozag.
  9015 | D:7      | Found a blossoming altar of Fedhas.
  9053 | D:7      | Found Rianio's Antique Weapon Emporium.
  9061 | D:7      | Bought a smoking flail for 161 gold pieces
  9061 | D:7      | Identified the +7 flail "Uteiho" {antimagic, rC+ rCorr}
                  | (You bought it in a shop on level 7 of the Dungeon)
  9156 | D:8      | Found a shimmering altar of Xom.
  9166 | D:8      | Reached **** piety under Trog
  9200 | D:7      | Reached skill level 11 in Fighting
  9628 | D:7      | Reached XP level 11. HP: 75/93 MP: 3/11
  9806 | D:8      | Found a flagged portal.
  9844 | Bailey   | Entered a bailey
 10226 | Bailey   | Found a bloodstained altar of Trog.
 10655 | D:8      | Found a sparkling altar of Nemelex Xobeh.
 10949 | D:8      | Found a radiant altar of Vehumet.
 11144 | D:9      | Reached skill level 12 in Fighting
 11391 | D:9      | Noticed Harold
 11398 | D:9      | Noticed Harold
 11398 | D:9      | Harold changed into Harold the elephant
 11404 | D:9      | Killed Harold the elephant
 11750 | D:9      | Reached ***** piety under Trog
 11823 | D:9      | Noticed a two-headed ogre
 11835 | D:9      | Killed a two-headed ogre
 12138 | D:9      | Identified the ring "Zastry" {rC+ rN+ Slay+3 SInv}
 12165 | D:9      | Noticed a tengu warrior
 12410 | D:9      | Killed a tengu warrior
 12651 | D:9      | Noticed a five-headed hydra
 12671 | D:9      | Killed a five-headed hydra
 12672 | D:9      | Reached skill level 13 in Fighting
 12672 | D:9      | Reached XP level 12. HP: 83/105 MP: 4/12
 12931 | D:9      | Identified the +4 mace of Lies {distort, rPois rN+ Will-
                  | SInv}
 12933 | D:9      | Noticed a boulder beetle
 12942 | D:9      | Killed a boulder beetle
 13607 | D:9      | Noticed a centaur warrior
 13617 | D:9      | Killed a centaur warrior
 13911 | D:9      | You fall into a shaft and drop 1 floor!
 13911 | D:10     | Entered Level 10 of the Dungeon
 13911 | D:10     | Found a sacrificial altar of Ru.
 14394 | D:10     | Received a gift from Trog
 14969 | D:10     | Found a portal to a secret trove of treasure.
 15001 | D:10     | Found a shimmering blue altar of Sif Muna.
 15256 | D:10     | Reached skill level 14 in Fighting
 15510 | D:10     | Found a staircase to the Orcish Mines.
 15664 | D:11     | Noticed an eight-headed hydra
 15672 | D:11     | Killed an eight-headed hydra
 16030 | D:11     | Noticed a two-headed ogre
 16045 | D:11     | Killed a two-headed ogre
 16086 | D:11     | Noticed a two-headed ogre
 16357 | D:11     | Killed a two-headed ogre
 16358 | D:11     | Reached XP level 13. HP: 66/114 MP: 3/13
 16637 | D:11     | Found a staircase to the Lair.
 16975 | Lair:1   | Entered Level 1 of the Lair of Beasts
 16998 | Lair:1   | Noticed Urug
 17025 | Lair:1   | Killed Urug
 17636 | Lair:1   | Reached skill level 15 in Fighting
 19683 | Lair:3   | You are sucked into a shaft and drop 2 floors!
 19683 | Lair:5   | Entered Level 5 of the Lair of Beasts
 19684 | Lair:5   | Noticed a boulder beetle
 19694 | Lair:4   | Reached skill level 15 in Maces & Flails
 19707 | Lair:4   | Reached skill level 16 in Fighting
 19998 | Lair:3   | Noticed a four-headed hydra
 20010 | Lair:3   | Killed a four-headed hydra
 20487 | Lair:3   | Found a staircase to the Shoals.
 21014 | Lair:3   | Found a hole to the Spider Nest.
 21281 | Lair:4   | Identified the +0 leather armour of Distant Worlds {Dex+5}
 21297 | Lair:4   | Noticed a seven-headed hydra
 21298 | Lair:4   | Noticed a five-headed hydra
 21302 | Lair:4   | Killed a five-headed hydra
 21303 | Lair:4   | Killed a seven-headed hydra
 21304 | Lair:4   | Reached XP level 14. HP: 122/125 MP: 4/14
 21408 | Lair:4   | Received a gift from Trog
 21709 | Lair:4   | Found a runed translucent gate.
 21709 | Lair:4   | Found a runed translucent gate.
 21711 | Lair:4   | Found a runed translucent gate.
 21712 | Lair:4   | Noticed Laummuim's ghost (journeyman FeFi)
 21720 | Lair:4   | Killed Laummuim's ghost
 23844 | Lair:5   | Reached skill level 17 in Fighting
 24417 | Lair:5   | HP: 6/128 [death yak (21)]
 25034 | Lair:5   | Found a viscous altar of Jiyva.
 25034 | Lair:5   | Found a staircase to the Slime Pits.
 25166 | Lair:5   | Received a gift from Trog
 25469 | Lair:5   | Reached XP level 15. HP: 83/134 MP: 15/15
 25876 | D:12     | Found a radiant altar of Vehumet.
 26946 | D:13     | Identified a scroll of acquirement
 26947 | D:13     | Acquired a +2 spectral giant spiked club
 27513 | D:13     | Found a gate to the Vaults.
 27758 | D:14     | Reached skill level 18 in Fighting
 27849 | D:14     | Noticed Kirke
 27856 | D:14     | Killed Kirke
 29006 | D:15     | Entered Level 15 of the Dungeon
 29463 | D:15     | Noticed a stone giant
 29466 | D:15     | Killed a stone giant
 29469 | D:15     | Found a staircase to the Depths.
 29746 | D:15     | Found a runed translucent gate.
 29746 | D:15     | Found a runed translucent gate.
 29746 | D:15     | Found a runed translucent gate.
 29749 | D:15     | Noticed an orc warlord
 29750 | D:15     | Noticed Vochiuc's ghost (adept DEFE)
 30098 | D:15     | Reached skill level 10 in Dodging
 30738 | D:15     | Found an iron altar of Okawaru.
 30986 | Orc:1    | Entered Level 1 of the Orcish Mines
 31003 | Orc:1    | Received a gift from Trog
 31183 | Orc:1    | Noticed an orc warlord
 31206 | Orc:1    | Killed an orc warlord
 31207 | Orc:1    | Reached XP level 16. HP: 75/145 MP: 16/16
 31609 | Orc:2    | Entered Level 2 of the Orcish Mines
 32216 | Orc:2    | Found a staircase to the Elven Halls.
 32277 | Orc:2    | Found Wejios's Antique Weapon Emporium.
 32296 | Orc:2    | Reached skill level 19 in Fighting
 32719 | Orc:2    | Found Oqyer's Antique Weapon Shoppe.
 32719 | Orc:2    | Found Ustroeho's Weapon Boutique.
 32721 | Orc:2    | Found Deacs's Assorted Antiques.
 32764 | Orc:2    | Bought a potion of might for 108 gold pieces
 32764 | Orc:2    | Bought a scroll of fear for 108 gold pieces
 32764 | Orc:2    | Bought a scroll of fear for 108 gold pieces
 32812 | Orc:2    | Found Edyqedodd's Firing Range.
 32828 | Orc:2    | Bought a throwing net for 48 gold pieces
 32828 | Orc:2    | Bought 2 throwing nets for 96 gold pieces
 32828 | Orc:2    | Bought a throwing net for 48 gold pieces
 32828 | Orc:2    | Bought 2 throwing nets for 96 gold pieces
 33346 | Shoals:1 | Entered Level 1 of the Shoals
 35201 | Shoals:2 | Identified the +1 great mace of Newt's Death {vorpal, rElec
                  | rPois rC++ Stlth-} (Trog gifted it to you on level 2 of the
                  | Shoals)
 35201 | Shoals:2 | Received a gift from Trog
 35281 | Shoals:2 | Noticed a kraken
 35291 | Shoals:2 | Killed a kraken
 36581 | Shoals:3 | Identified the +2 plate armour of the Buccaneer {Fly}
 36916 | Shoals:3 | Reached skill level 20 in Fighting
 36916 | Shoals:3 | Reached XP level 17. HP: 108/155 MP: 17/17
 37596 | Shoals:3 | Found a runed translucent door.
 37596 | Shoals:3 | Noticed thechecker02's ghost (adept GnFi)
 38218 | Shoals:3 | Killed thechecker02's ghost
 38220 | Shoals:3 | Identified the +2 war axe "Siumu" {flame, rF+ Dex+5 SInv}
 38240 | Shoals:4 | Entered Level 4 of the Shoals
 39993 | Shoals:4 | Received a gift from Trog
 40061 | Shoals:4 | Identified the +3 morningstar of Bloody Death {antimagic,
                  | Dex+3}
 40134 | Shoals:4 | Identified the +9 flail "Paiq" {vorpal, Str+4}
 40321 | Shoals:4 | Got a barnacled rune of Zot
 40755 | Shoals:4 | Reached skill level 21 in Fighting
 41760 | Spider:1 | Entered Level 1 of the Spider Nest
 42428 | Depths:1 | Entered Level 1 of the Depths
 42429 | Depths:1 | Found Cesanlue's Overcharged Wands.
 42436 | Depths:1 | Found a one-way gate to the infinite horrors of the Abyss.
 42531 | Depths:1 | Found a gateway to Hell.
 42540 | Depths:1 | Received a gift from Trog
 42542 | Depths:1 | Reached XP level 18. HP: 116/157 MP: 5/18
 43347 | Depths:1 | Slain by a fire dragon

Illustrated notes

Levels and vault maps discovered:
D:1:      shiori_arrival_maze, layout_loops_ring
D:2:      layout_basic
D:3:      layout_loops_cross, mainiacjoe_overflow_alcove_1, minmay_cupped
D:4:      layout_basic, lemuel_crystal_altar, slow_altar_2,
          minmay_misc_feat_ornament, minmay_box_of_dots, uniq_eustachio,
          uniq_blork_the_orc
D:5:      layout_gridville, nzn_wu_jian_contemplation, general_overflow_altar,
          grunt_temple_overflow_open, portal_sewer_entry_e
D:6:      layout_cave_pools, zin_scriptorium, minmay_shop_mass,
          minmay_fractal_squares_diagonal_5, uniq_grinder, uniq_pikel,
          uniq_duvessa
D:7:      layout_gridville, kennysheep_little_box, lemuel_tele_altar,
          minmay_temple_entry_wispy, serial_shops,
          nicolae_shop_temple_entry_statues_fountains, nicolae_shop_crystal,
          shop, shop
D:8:      layout_cave_pools, xom_confusion_cloud, kennysheep_mini_moat,
          lemuel_doored_altar, enter_bailey_4
D:9:      minmay_the_grid_octo_2x2 [minmay_the_grid_octo_odd_swirl,
          minmay_the_grid_octo_thin_diamonds,
          minmay_the_grid_octo_vomiting_pacman,
          minmay_the_grid_octo_prize_big_c], layout_loops_ring,
          serial_co_window_serial, co_window_of_opportunity_a,
          co_window_corner_a, co_window_corner_a, co_window_of_opportunity_a,
          co_window_of_opportunity_a, co_window_corner_a, co_window_corner_a,
          co_window_corner_b, co_window_broadway_c, co_window_corner_b,
          co_window_corner_cb, co_window_unsneaky_path_a, co_window_paths_e,
          co_window_paths_d, glass_columns_c, glass_columns_a, glass_columns_b,
          glass_columns_b, glass_columns_b, uniq_harold
D:10:     layout_roguey, mainiacjoe_overflow_brackets, lemuel_crystal_altar,
          david_orc_4, enter_trove_6, kennysheep_small_circle
D:11:     layout_cave_pools, lair_entry_dummy, minmay_misc_feat_tiny,
          lemuel_old_faithful
D:12:     layout_loops_cross, nicolae_vehumet_altar_sigil
D:13:     layout_loops_cross, hangedman_vaults_entry_quadrant_bands
D:14:     layout_basic, corexii_leaking_fountain, uniq_kirke
D:15:     grunt_enter_depths_snipers, layout_grid_maze,
          gammafunk_ghost_fury_of_okawaru, amcnicky_mini_pool_small
Lair:1:   layout_layer_cave, uniq_urug
Lair:2:   layout_loops_ring
Lair:3:   layout_hall_layers, minmay_shoals_entry_hut,
          hellmonk_spider_entry_life_and_decay
Lair:4:   layout_cave_shapes, ebering_ghost_rock_garden, st_stairs_7
Lair:5:   hangedman_lair_in_review, layout_hall_layers,
          guppyfry_lair_end_dragon, slime_entry_1
Shoals:1: layout_shoals, nicolae_shoals_dead_sea_scrolls
Shoals:2: layout_shoals
Shoals:3: layout_shoals, gammafunk_ghost_grave, abandoned_shop
Shoals:4: shoals_end_simple, layout_shoals, nicolae_shoals_land_atoll,
          ldierk_geyser, nicolae_shoals_stone_sculpture_thing,
          nicolae_shoals_undead_eyrie
Spider:1: layout_cave_pods, hangedman_spider_tarantella_strand, uniq_louise,
          uniq_donald
Orc:1:    layout_caves, basic_altar
Orc:2:    st_orc_rangers, layout_caves, nicolae_shop_firing_range
Depths:1: kennysheep_four_of_diamonds, layout_basic, hangedman_coc_ice_floe,
          ashenzari_conservatory_becter, abyss_entry, chequers_decorated_corner,
          nicolae_shop_overcharged_wands

Skill      XL: |  1  2  3  4  5  6  7  8  9 10 11 12 13 14 15 16 17 |
---------------+----------------------------------------------------+-----
Dodging        | 2 3 4 5 6 7 8 9 10 11 12 | 12.0
Fighting       | 4 5 6 8 9 11 13 14 16 17 18 20 21 | 21.4
Maces & Flails | 4 5 6 8 9 10 12 13 15 17 18 19 20 | 20.6
Armour         | |  2.1

Action                   |  1- 3 |  4- 6 |  7- 9 | 10-12 | 13-15 | 16-18 || total
-------------------------+-------+-------+-------+-------+-------+-------++-------
Melee: Mace              |    58 |     2 |   280 |       |       |       ||   340
       Spear             |    34 |    98 |       |       |       |       ||   132
       Punch             |       |     1 |     3 |    12 |     9 |       ||    25
       Quarterstaff      |       |       |    11 |    40 |       |       ||    51
       Flail             |       |       |       |   559 |   602 |       ||  1161
       Giant club        |       |       |       |       |    80 |       ||    80
       Giant spiked club |       |       |       |       |   173 |   559 ||   732
Throw: Dart              |     1 |    19 |    16 |     4 |     1 |     6 ||    47
       Boomerang         |       |       |       |    35 |     8 |    77 ||   120
       Throwing net      |       |       |       |     2 |     2 |       ||     4
Invok: Trog's Hand       |       |       |     3 |     2 |     6 |    10 ||    21
       Brothers in Arms  |       |       |       |       |     3 |     4 ||     7
 Abil: Dig               |       |       |       |       |     1 |       ||     1
Evoke: Wand              |       |       |     7 |     7 |       |     1 ||    15
  Use: Scroll            |       |     7 |     7 |    12 |    16 |     3 ||    45
       Potion            |       |       |     6 |     9 |     2 |     7 ||    24
 Stab: Sleeping          |     2 |       |       |       |     1 |       ||     3
       Invisible         |       |     1 |       |       |       |     1 ||     2
       Distracted        |       |       |       |     1 |     3 |     6 ||    10
       Petrified         |       |       |       |       |     2 |       ||     2
Armor: Animal skin       |    16 |       |       |       |       |       ||    16
       Chain mail        |     3 |    41 |   141 |       |       |       ||   185
       Leather armour    |       |       |    35 |   250 |   237 |       ||   522
       Skin              |       |       |       |    57 |       |       ||    57
       Swamp dragon scal |       |       |       |       |   105 |   217 ||   322
Dodge: Dodged            |    85 |    38 |   192 |   513 |   511 |   756 ||  2095
       Repelled          |       |       |       |       |       |    10 ||    10
Block: Other             |       |       |       |       |    95 |       ||    95
       Reflection        |       |       |       |       |     2 |       ||     2
